 Dungeon Crawl Stone Soup version 0.29.0-4-gdea44cf6ec (webtiles) character file.

Game seed: 15493400850307497137

7 qw the Sneak (level 2, 0/19 HPs)
             Began as a Gargoyle Delver on Sept 10, 2022.
             Slain by Edmund
             ... wielding a +0 flail of protection
              (13 damage)
             ... on level 4 of the Dungeon.
             The game lasted 00:00:09 (409 turns).

qw the Sneak (Gargoyle Delver)                       Turns: 409, Time: 00:00:10

Health: 0/19       AC:  5    Str: 15    XL:     2   Next: 0%
Magic:  2/2        EV: 11    Int: 10    God:
Gold:   13         SH:  0    Dex: 11    Spells: 1/1 levels left

rFire   . . .      SeeInvis .   a - +0 hand axe
rCold   . . .      Faith    .   (no shield)
rNeg    + . .      Spirit   .   b - +0 leather armour
rPois   inf        Reflect  .   (no helmet)
rElec   +          Harm     .   (no cloak)
rCorr   .          Rampage  .   (no gloves)
Will    .....                   (no boots)
Stlth   +++.......              (no amulet)
HPRegen 0.06/turn               (no ring)
MPRegen 0.08/turn               (no ring)

@: no status effects
A: sickness immunity, AC +2, negative energy resistance 1, electricity
resistance, torment resistance 1, petrification resistance
a: no special abilities


You were on level 4 of the Dungeon.
You visited 1 branch of the dungeon, and saw 2 of its levels.

You collected 13 gold pieces.


Innate Abilities, Weirdness & Mutations

You are immune to sickness and miasma.
Your stone body is resilient. (AC +2)
You are immune to poison.
You resist negative energy. (rN+)
You are resistant to electric shocks. (rElec)
You are resistant to unholy torment.
You are immune to petrification.


   Skills:
 - Level 3.2 Fighting
 + Level 2.4 Axes
 - Level 1.5 Dodging
 - Level 5.4 Stealth


You had one spell level left.
You didn't know any spells.
Your spell library was empty.

Inventory:

Hand Weapons
 a - a +0 hand axe (weapon)
 c - a +0 club
Armour
 b - a +0 leather armour (worn)
Wands
 g - a wand of digging (3)
Potions
 d - a potion of curing {unknown}
 f - a potion of haste

Dungeon Overview and Level Annotations

Branches:
Dungeon (5/15)
 Temple: D:4-7

Altars:

Annotations:
D:4 Edmund


Message History

You hit the quokka.
The quokka is moderately wounded.
The quokka bites you but does no damage.
You hit the quokka but do no damage.
The quokka is moderately wounded.
The quokka barely misses you.
The quokka bites you but does no damage.
You barely miss the quokka.
The quokka is moderately wounded.
The quokka closely misses you.
You hit the quokka but do no damage.
The quokka is moderately wounded.
The quokka closely misses you. The quokka misses you.
You hit the quokka but do no damage.
The quokka is moderately wounded.
The quokka barely misses you.
You slash the quokka!
You kill the quokka!
You have reached level 2!
You start resting.
HP restored.
Edmund the Younger comes into view.
He is wielding a +0 flail of protection.
Enter note: You hit Edmund but do no damage.
You punch Edmund, but do no damage. Edmund barely misses you.
You hit Edmund but do no damage.
Edmund hits you with a +0 flail of protection.
You barely miss Edmund.
Edmund hits you with a +0 flail of protection.
You hit Edmund but do no damage. Edmund barely misses you.
You hit Edmund.
Edmund is lightly wounded.
Edmund says, "People will remember me!
They'll remember me and die!"
Edmund closely misses you. x2
You barely miss Edmund.
Edmund is lightly wounded.
Edmund hits you with a +0 flail of protection!
Ouch! That really hurt!
You die...

.#
#..#..#....#.#
.#
####..##...#.#
.# #..#..#.#.#
.. ####..#.#.#
... #..#.#.#
.. ####.#.# .
#.#.# .#.# #@#
........@.#
..#.......#
#..=......
..$....#..##
........##.#
......... ..
......... ...


You could see Edmund.

Vanquished Creatures
  A ball python (D:4)
  A goblin (D:4)
  A hobgoblin (D:4)
  2 quokkas (D:4)
5 creatures vanquished.

Notes
Turn   | Place    | Note
-------+----------+-------------------------------------------
     0 | D:5      | qw the Gargoyle Delver began the quest for the Orb.
     0 | D:5      | Reached XP level 1. HP: 14/14 MP: 1/1
     0 | D:5      | 0 ||| qw: Version: 0.1-a-116-g5d60599
     0 | D:5      | 0 ||| qw: Game counter: 9092
     0 | D:5      | 0 ||| qw: Always use a shield: true
     0 | D:5      | 0 ||| qw: God list: Okawaru
     0 | D:5      | 0 ||| qw: Allow faded altars: false
     0 | D:5      | 0 ||| qw: Do Orc after D:15 true
     0 | D:5      | 0 ||| qw: Do second Lair branch before Depths: true
     0 | D:5      | 0 ||| qw: Lair rune preference: random
     0 | D:5      | 0 ||| qw: Plans: Normal
     0 | D:5      | 0 ||| PLANNING D:1-11
    17 | D:5      | 17 ||| DROPPING scroll of fog.
    18 | D:5      | 18 ||| DROPPING scroll of magic mapping.
    19 | D:5      | 19 ||| DROPPING scroll of fear.
   195 | D:4      | Reached XP level 2. HP: 8/19 MP: 2/2
   393 | D:4      | Noticed Edmund
   409 | D:4      | Slain by Edmund

Levels and vault maps discovered:
D:4:      layout_cave_pools, kiku_gazebo_pond_becter,
          gammafunk_ghost_stat_death, hangedman_abyss_or_decor_stagger,
          minivault_5, hangedman_feature_mirror, uniq_edmund
D:5:      layout_loops_cross, dreamdust_wishing_well, st_stairs_5,
          kennysheep_generic_room_6

Skill      XL: |  1 |
---------------+----+-----
Axes           | 2 |  2.4
Fighting       | |  3.2
Dodging        | |  1.5
Stealth        | |  5.4

Action                   || total
-------------------------++-------
Melee: Hand axe          ||    31
       Punch             ||     1
Armor: Leather armour    ||     9
Dodge: Dodged            ||    18

Table legend:
 A = Non-vault XP
 B = Vault XP
 C = Vault XP percentage of total XP
 D = Non-vault monster count
 E = Vault monster count
 F = Vault count percentage of total count
                 A         B        C        D         E       F
            +---------+---------+-------+---------+---------+-------
      Total |       4 |       6 |  60.0 |       2 |       3 |  60.0
            +---------+---------+-------+---------+---------+-------
        D:4 |       4 |       6 |  60.0 |       2 |       3 |  60.0
            +---------+---------+-------+---------+---------+-------
